 Dungeon Crawl Stone Soup version 0.19-a0-1493-gd0fcaa6 (webtiles) character file.

181 epen the Insei (level 5, -6/37 HPs)
             Began as an Octopode Monk on Sept 9, 2016.
             Mangled by Grinder (7 damage)
             ... on level 4 of the Dungeon.
             The game lasted 00:02:07 (1762 turns).

epen the Insei (Octopode Monk)                      Turns: 1762, Time: 00:02:08

Health: -6/37      AC:  1    Str: 11    XL:     5   Next: 61%
Magic:  5/5        EV: 14    Int: 12    God:
Gold:   79         SH:  0    Dex: 12    Spells: 0 memorised, 4 levels left

rFire  . . .     SeeInvis .       - Unarmed
rCold  . . .     Gourm    .     (no shield)
rNeg   . . .     Faith    .     (helmet restricted)
rPois  .         Spirit   .     (no amulet)
rElec  .         Dismiss  .     d - -3 ring of dexterity (curse)
rCorr  .         Reflect  .     (no ring)
MR     .....     Harm     .     (no ring)
Stlth  +++.......               (no ring)
                                (no ring)
                                (no ring)
                                (no ring)
                                (no ring)

@: no status effects
A: almost no armour, stealthy swim, amphibious, 8 rings, constrict 8, camouflage
1, gelatinous body 1
a: no special abilities


You were on level 4 of the Dungeon.
You were not hungry.

You visited 1 branch of the dungeon, and saw 4 of its levels.

You collected 79 gold pieces.

Inventory:

Jewellery
 d - a cursed -3 ring of dexterity (left tentacle)
Wands
 n - a wand of acid (11/15)
Scrolls
 b - 2 scrolls of immolation {unknown}
 c - a scroll of remove curse {unknown}
 j - a scroll of random uselessness {unknown}
 m - a scroll of teleportation {unknown}
Potions
 e - a potion of agility {unknown}
 f - 2 potions of flight {unknown}
 g - a potion of magic {unknown}
 h - a potion of might {unknown}
 i - a potion of mutation {unknown}
 k - a potion of degeneration {unknown}
 l - a potion of curing {unknown}
Comestibles
 a - 3 bread rations
 o - 3 chunks of flesh


   Skills:
 + Level 3.9 Fighting
 + Level 3.8 Dodging
 - Level 2.6 Stealth
 * Level 5.0 Unarmed Combat


You had 4 spell levels left.
You didn't know any spells.

Dungeon Overview and Level Annotations

Branches:
Dungeon (4/15)
 Temple: D:4-7

Altars:

Annotations:
D:3 Sigmund
D:4 Grinder


Innate Abilities, Weirdness & Mutations

You cannot wear most types of armour.
You are very stealthy in the water.
You are amphibious.
You can wear up to eight rings at the same time.
You can use your tentacles to constrict eight enemies at once.
Your skin changes colour to match your surroundings (Stealth+).
Your rubbery body absorbs attacks. (AC +1, EV +1)


Message History

You constrict Grinder. Grinder hits you!
* * * LOW HITPOINT WARNING * * *
You writhe in agony.
* * * LOW HITPOINT WARNING * * *
You are too injured to fight recklessly!
You are too injured to fight recklessly!
You tentacle-slap Grinder but do no damage.
You tentacle-slap Grinder.
Grinder is heavily wounded.
You constrict Grinder, but do no damage.
Grinder barely misses you.
A quokka skeleton comes into view.
You tentacle-slap Grinder but do no damage.
Grinder is heavily wounded.
You constrict Grinder. Grinder hits you.
* * * LOW HITPOINT WARNING * * *
You tentacle-slap Grinder.
Grinder is severely wounded.
You constrict Grinder. Grinder hits you!
You die...

####### # #.....# ##.
#.....#### .!##
###......... ##Z..
#........##. ..#.##
#........##. #...#
#...#..#.##. #.5.#
#...#..#.### #..@#
#..)#..#.# #...#
#...#..#.# #
####...#####........# #
.(............###..#####
..............##........
.............###.#######
#####...###### #.# #
#...# #.# # #...# #.#


You could see Grinder and a quokka skeleton.

Vanquished Creatures
  An ogre (D:4)
  Natasha (D:3)
  A gnoll (D:2)
  2 adders
  A dart slug (D:2)
  A giant gecko (D:4)
  4 bats (D:1)
  2 giant cockroaches
  6 goblins
  8 hobgoblins
  4 jackals (D:1)
  A quokka (D:2)
  2 giant newts
  4 kobolds
  4 rats
42 creatures vanquished.

Notes
Turn   | Place    | Note
-------+----------+-------------------------------------------
     0 | D:1      | epen the Octopode Monk began the quest for the Orb.
     0 | D:1      | Reached XP level 1. HP: 16/16 MP: 1/1
   166 | D:1      | Reached XP level 2. HP: 18/21 MP: 2/2
   498 | D:1      | Reached XP level 3. HP: 23/26 MP: 3/3
  1072 | D:2      | Reached skill level 4 in Unarmed Combat
  1096 | D:2      | Reached XP level 4. HP: 22/31 MP: 4/4
  1251 | D:3      | Noticed Natasha
  1258 | D:3      | Noticed Sigmund
  1268 | D:3      | Killed Natasha
  1590 | D:4      | Noticed an ogre
  1597 | D:4      | Killed an ogre
  1597 | D:4      | Reached XP level 5. HP: 37/37 MP: 5/5
  1607 | D:4      | Noticed Grinder
  1716 | D:4      | Reached skill level 5 in Unarmed Combat
  1761 | D:4      | HP: 1/37 [Grinder (6)]
  1762 | D:4      | Mangled by Grinder

Vault maps used:
D:1:      onia_arrival_mini_maze
D:2:      makhleb_grotto_becter, uniq_robin
D:3:      dancing_weapons_uskayaw, first_bread, minmay_goblin_outpost,
          uniq_sigmund, uniq_natasha, uniq_terence, uniq_crazy_yiuf_cottage
D:4:      uniq_grinder

Skill      XL: |  1  2  3  4  5 |
---------------+----------------+-----
Unarmed Combat | 4 5 |  5.0
Fighting       | |  3.9
Dodging        | |  3.8
Stealth        | |  2.6

Action                   |  1- 3 |  4- 6 || total
-------------------------+-------+-------++-------
Melee: Unarmed           |    74 |    32 ||   106
       Constrict         |    20 |     4 ||    24
       Tentacles         |     9 |     7 ||    16
       Punch             |     2 |     1 ||     3
 Stab: Sleeping          |     9 |     1 ||    10
  Eat: Chunk             |     1 |     2 ||     3
Armor: Skin              |     1 |     1 ||     2
Dodge: Dodged            |    44 |    29 ||    73
